 Dungeon Crawl Stone Soup version 0.26-a0-490-gf8362a0c98 (webtiles) character file.

Game seed: 10387794554744190115

127 MrRokkomies the Slasher (level 5, -2/37 HPs)
             Began as an Octopode Chaos Knight on Aug 4, 2020.
             Was a Plaything of Xom.
             Killed from afar by a white imp (14 damage)
             ... with a puff of frost
             ... summoned by Xom
             ... on level 3 of the Dungeon.
             The game lasted 00:04:04 (8034 turns).

MrRokkomies the Slasher (Octopode Chaos Knight)     Turns: 8034, Time: 00:04:04

Health: -2/37      AC:  1    Str: 11    XL:     5   Next: 11%
Magic:  5/5        EV: 13    Int: 15    God:    Xom [.....*]
Gold:   126        SH:  0    Dex: 12    Spells: 4/4 levels left

rFire    . . .     SeeInvis .   a - +0 long sword (drain)
rCold    . . .     Faith    .   (no shield)
rNeg     . . .     Spirit   .   (helmet restricted)
rPois    +         Reflect  .   (no amulet)
rElec    .         Harm     .   c - ring of protection from magic
rCorr    .         Clarity  +   f - ring of poison resistance
MR       +....                  (no ring)
Stlth    +++.......             (no ring)
HPRegen  0.12/turn              (no ring)
MPRegen  0.09/turn              (no ring)
                                (no ring)
                                (no ring)

@: drained
A: almost no armour, stealthy swim, amphibious, 8 rings, constrict 8, antennae
1, camouflage 1, clarity, gelatinous body 1
a: Renounce Religion


You were on level 3 of the Dungeon.
You worshipped Xom.
You were Xom's teddy bear.
You visited 1 branch of the dungeon, and saw 3 of its levels.

You collected 126 gold pieces.

Inventory:

Hand Weapons
 a - a +0 long sword of draining (weapon)
 j - a +1 executioner's axe of flaming
 l - a +0 falchion of chaos
Missiles
 g - a throwing net (quivered)
Jewellery
 c - a ring of protection from magic (left tentacle)
 f - a ring of poison resistance (right tentacle)
Scrolls
 e - a scroll of identify
 i - a scroll of teleportation {unknown}
 m - a scroll of remove curse
 n - a scroll of noise {unknown}
Potions
 b - a potion of resistance
 d - a potion of invisibility {unknown}
 h - a potion of stabbing
 k - a potion of ambrosia {unknown}


   Skills:
 + Level 3.6(2.7) Fighting
 * Level 4.0(3.1) Long Blades
 * Level 3.4(2.5) Dodging
 + Level 2.5(1.7) Stealth


You had 4 spell levels left.
You didn't know any spells.
Your spell library was empty.

Dungeon Overview and Level Annotations

Branches:
Dungeon (3/15)

Altars:
Trog
Xom


Innate Abilities, Weirdness & Mutations

You cannot wear most types of armour.
You are very stealthy in the water. (Stealth+)
You are amphibious.
You can wear up to eight rings at the same time.
You can use your tentacles to constrict eight enemies at once.
Your skin changes colour to match your surroundings (Stealth+).
Your rubbery body absorbs attacks. (AC +1, EV +1)
You have a pair of small antennae on your head.
You possess an exceptional clarity of mind.


Message History

You constrict the iron imp, but do no damage.
The iron imp closely misses you.
You hit the iron imp.
The iron imp is severely wounded.
You constrict the iron imp. The white imp gestures at you.
The puff of frost hits you! The iron imp misses you.
You hit the iron imp.
You kill the iron imp!
The white imp gestures at you. The puff of frost hits you!
The white imp gestures at you. The puff of frost misses you.
The white imp barely misses you.
You hit the white imp. You grab the white imp.
The white imp is moderately wounded.
You constrict the white imp. The white imp gestures at you.
The puff of frost hits you!
You die...

##...(.........# #.#.
##.............# #.#.
##.............# #.#.
#############.################.#.
####### #.##...............#.
......# #.##.....†...........
......# #.##.................
......# #.##.5..†............
......# #####.##@...............#
......# #.....##.###.######......
......# #.....##.#*#.#****#######
......# #...).##........,,,,,,,,,
......###.....######.###*********
........'...(........#,,,,,,,,,,,
......###.....#####..#,**********
......# #....##****..#,*,,,,,,,*
......# #.......,,...#,*,*****,*


You could see a white imp (summoned).

Vanquished Creatures
  A jelly (D:3)
  3 adders
  An ooze (D:3)
  2 leopard geckos
  A ball python (D:3)
  5 bats
  5 giant cockroaches
  10 goblins
  7 hobgoblins
  4 jackals (D:3)
  5 kobolds
  2 quokkas (D:2)
  4 frilled lizards
  9 rats
59 creatures vanquished.

Notes
Turn   | Place    | Note
-------+----------+-------------------------------------------
     0 | D:1      | MrRokkomies the Octopode Chaos Knight began the quest for
                  | the Orb.
     0 | D:1      | Reached XP level 1. HP: 16/16 MP: 1/1
   191 | D:1      | Reached XP level 2. HP: 21/21 MP: 2/2
   246 | D:1      | Reached skill level 1 in Stealth
   277 | D:1      | XOM: noise
   628 | D:1      | Reached XP level 3. HP: 16/26 MP: 3/3
  1049 | D:1      | XOM is BORED!
  1049 | D:1      | XOM: summons 4 hostile shadow creatures
  1842 | D:1      | XOM: noise
  2424 | D:1      | XOM: torment (14/26 hp)
  2765 | D:1      | XOM: cloud trail
  3351 | D:1      | XOM is BORED!
  3351 | D:1      | XOM: summons 2 hostile demons
  3496 | D:1      | XOM: 1-stop teleportation journey
  3914 | D:1      | XOM: give mutations
  3914 | D:1      | Gained mutation: You have a pair of small antennae on your
                  | head. [Xom's grace]
  3914 | D:1      | Gained mutation: You possess an exceptional clarity of
                  | mind. [Xom's grace]
  5224 | D:1      | XOM: god gift: runed executioner's axe {god gift}
  5514 | D:1      | Touched by the power of Zot.
  5649 | D:2      | XOM: scenery: summon butterflies
  5764 | D:2      | XOM: 4-stop teleportation journey
  5887 | D:2      | Found a bloodstained altar of Trog.
  6030 | D:2      | Reached XP level 4. HP: 31/31 MP: 4/4
  6144 | D:2      | XOM: summons 3 hostile shadow creatures
  6191 | D:2      | XOM: silly message
  6669 | D:2      | XOM: scenery: create altars
  7301 | D:2      | XOM: god gift: 24 stones
  7422 | D:2      | XOM: god gift: scroll labeled ORYALU IMEXIRCHAV {god gift}
  7918 | D:3      | XOM: polymorph quokka -> jelly
  7925 | D:3      | Reached skill level 4 in Long Blades
  7925 | D:3      | Reached XP level 5. HP: 10/37 MP: 5/5
  8021 | D:3      | XOM is BORED!
  8021 | D:3      | XOM: summons 3 hostile demons
  8034 | D:3      | Killed from afar by a white imp

Illustrated notes

Levels and vault maps discovered:
D:1:      ncdulo_smallfort, layout_basic, minmay_tiny_reverse_x
D:2:      layout_rooms, chequers_serial_rivers_small_a,
          chequers_serial_rivers_marsh, bloody_trog
D:3:      layout_basic, chequers_serial_rivers_room_a, uniq_grinder

Skill      XL: |  1  2  3  4 |
---------------+-------------+-----
Stealth        | 1 2 |  2.5
Dodging        | 3 |  3.4
Long Blades    | 4 |  4.0
Fighting       | |  3.6

Action                   |  1- 3 |  4- 6 || total
-------------------------+-------+-------++-------
Melee: Falchion          |    47 |       ||    47
       Constrict         |    26 |    13 ||    39
       Tentacles         |    15 |     7 ||    22
       Long sword        |    29 |    44 ||    73
  Use: Scroll            |       |     7 ||     7
       Potion            |       |     1 ||     1
 Stab: Sleeping          |     7 |       ||     7
Armor: Skin              |     6 |     5 ||    11
Dodge: Dodged            |    60 |    61 ||   121
       Rpst.: Falchion   |    10 |       ||    10
       Long sword        |    11 |    16 ||    27

Table legend: (Time is in decaauts)
 A = Elapsed time spent in this place.
 B = Non-inter-level travel time spent in this place.
 C = Inter-level travel time spent in this place.
 D = Time resting spent in this place.
 E = Time spent auto-exploring this place.
 F = Levels seen in this place.
 G = Mean time per level.
                   A        B        C        D        E       F      G
               +--------+--------+--------+--------+--------+-----+--------+
         Total |   8059 |   8035 |     24 |   5751 |   1854 |   3 | 2686.3 |
       Dungeon |   8059 |   8035 |     24 |   5751 |   1854 |   3 | 2686.3 |
               +--------+--------+--------+--------+--------+-----+--------+

Top non-repeatable levels by time:
     D:1: 5543 daAuts
     D:2: 1898 daAuts
     D:3: 616 daAuts
